 Dungeon Crawl Stone Soup version 0.29-a0-676-ga64570c9d2 (webtiles) character file.

Game seed: 5965331260048015475

338031 dolemite99 the Slayer (level 21, -8/212 (217) HPs)
             Began as a Minotaur Monk on June 25, 2022.
             Was an Initiate of Gozag.
             Mangled by Parghit (15 damage)
             ... on level 3 of the Depths.
             The game lasted 02:16:22 (72135 turns).

dolemite99 the Slayer (Minotaur Monk)              Turns: 72135, Time: 02:16:23

HP:   -8/212 (217)  AC: 32    Str: 21    XL:     21   Next: 2%
MP:   20/20         EV: 14    Int:  7    God:    Gozag
Gold: 302           SH: 14    Dex: 19    Spells: 17/20 levels left

rFire   . . .      SeeInvis +   a - +5 scimitar (vorpal)
rCold   + + .      Faith    .   r - +0 kite shield {reflect}
rNeg    + . .      Spirit   .   T - +0 plate armour {rC+}
rPois   +          Reflect  +   G - +2 hat
rElec   .          Harm     .   f - +2 cloak {Will+}
rCorr   .          Rampage  .   W - +3 pair of gauntlets of War {Slay+5}
Will    ++...                   j - +2 pair of boots "Diufo" {+Blink Regen+ Stlth+}
Stlth   ..........              y - amulet of regeneration
HPRegen 2.05/turn               z - ring of see invisible
MPRegen 0.17/turn               i - ring "Naraumaoke" {Contam rPois rC+ rN+ Stlth+, =R}

@: about to teleport, gold aura, on berserk cooldown, slowed, lightly drained,
very slow
A: horns 2, retaliatory headbutt
}: 2/15 runes: barnacled, gossamer
a: Renounce Religion, Evoke Blink, Potion Petition, Call Merchant, Bribe Branch


You were on level 3 of the Depths.
You worshipped Gozag.
Gozag was aware of your devotion.
You visited 8 branches of the dungeon, and saw 40 of its levels.
You visited the Abyss 1 time.
You also visited: Bailey.

You collected 19347 gold pieces.
You spent 2577 gold pieces at shops.
You paid 16468 gold pieces to Gozag.

Inventory:

Hand Weapons
 a - a +5 vorpal scimitar (weapon)
 b - a +5 hand crossbow of flaming
 A - the +8 trident of Yredelemnul's Wrath {vorpal, Str-5 Dex+3 SInv}
   (You found it on level 4 of the Spider Nest)

   It inflicts extra damage upon your enemies.
   Str:       It affects your strength (-5).
   Dex:       It affects your dexterity (+3).
   SInv:      It lets you see invisible.
Armour
 f - a +2 cloak of willpower (worn)
 j - the +2 pair of boots "Diufo" (worn) {+Blink Regen+ Stlth+}
   (You acquired it on level 6 of the Lair of Beasts)

   +Blink:    It lets you blink.
   Regen:     It increases your rate of health regeneration.
   Stlth:     It makes you more stealthy.
 r - a +0 kite shield of reflection (worn)
 G - a +2 hat (worn)
 T - a +0 plate armour of cold resistance (worn)
 W - the +3 pair of gauntlets of War (worn) {Slay+5}
   (You bought it in a shop on level 1 of the Shoals)

   Slay:      It affects your accuracy & damage with ranged weapons and melee
   (+5).
Jewellery
 c - a +6 ring of dexterity
 d - a ring of resist corrosion
 i - the ring "Naraumaoke" (right hand) {Contam rPois rC+ rN+ Stlth+, =R}
   (You found it on level 4 of the Dungeon)

   [ring of protection from cold]

   rC:        It protects you from cold.
   rPois:     It protects you from poison.
   rN:        It protects you from negative energy.
   Contam:    It causes magical contamination when unequipped.
   Stlth:     It makes you more stealthy.
 v - the ring of Zyrypo {Fire rN++ Str+3}
   (You found it on level 3 of the Elven Halls)

   [ring of fire]

   It enhances your fire magic.
   Str:       It affects your strength (+3).
   rF:        It protects you from fire.
   rC:        It makes you vulnerable to cold.
   rN:        It greatly protects you from negative energy.
 y - an amulet of regeneration (around neck)
 z - a ring of see invisible (left hand)
 K - the amulet of Ujeihits {Reflect +Blink rC+ rCorr Int-3 SH+5}
   (You took it off a deep elf zephyrmancer on level 3 of the Elven Halls)

   [amulet of reflection]

   It reflects blocked missile attacks.
   Int:       It affects your intelligence (-3).
   rC:        It protects you from cold.
   +Blink:    It lets you blink.
   rCorr:     It protects you from acid and corrosion.
   SH:        It affects your SH (+5).
 N - a +6 ring of strength
 Q - a ring of flight
 R - a +4 ring of protection
 U - a ring of fire
Wands
 o - a wand of polymorph (3)
 L - a wand of digging (15)
Scrolls
 h - 17 scrolls of identify {@r1}
 l - 2 scrolls of teleportation
 m - a scroll of silence
 F - a scroll of torment
 I - 2 scrolls of noise
 O - 2 scrolls of brand weapon
 P - a scroll of enchant armour
 X - 4 scrolls of fog
Potions
 n - 15 potions of curing
 p - 8 potions of lignification
 q - 6 potions of flight
 u - 9 potions of brilliance
 w - 2 potions of magic
 C - 3 potions of haste
 D - 2 potions of berserk rage
 J - 6 potions of mutation
 S - 7 potions of ambrosia
Miscellaneous
 k - a box of beasts (inert)
 t - a phantom mirror
 V - a condenser vane (inert)
 Y - a phial of floods (inert)
 Z - a lightning rod (2/4)


   Skills:
 - Level 25.0 Fighting
 - Level 16.0 Long Blades
 - Level 18.6 Crossbows
 - Level 18.4 Armour
 - Level 14.0 Dodging
 - Level 1.5 Stealth
 - Level 15.0 Shields
 + Level 12.9 Evocations


You had 17 spell levels left.
You knew the following spells:

 Your Spells              Type           Power      Damage    Failure   Level
a - Apportation           Tloc           0%         N/A       100%        1
b - Blink                 Tloc           0%         N/A       100%        2

Your spell library contained the following spells:

 Spells                   Type           Power      Damage    Failure   Level
 Magic Dart               Conj           0%         1d3       100%        1
 Necrotize                Necr           0%         1d4       100%        1
 Slow                     Hex            0%         N/A       100%        1
 Sting                    Tmut/Pois      0%         1d3       100%        1
 Summon Small Mammal      Summ           0%         N/A       100%        1
 Call Imp                 Summ           0%         N/A       100%        2
 Poisonous Vapours        Pois/Air       0%         N/A       100%        2
 Static Discharge         Conj/Air       0%         N/A       100%        2
 Sublimation of Blood     Necr           0%         N/A       100%        2
 Wereblood                Tmut           0%         N/A       100%        2
 Call Canine Familiar     Summ           0%         N/A       100%        3
 Confusing Touch          Hex            0%         N/A       100%        3
 Conjure Flame            Conj/Fire      0%         6-21      100%        3
 Gell's Gravitas          Tloc           0%         N/A       100%        3
 Ignite Poison            Fire/Tmut/Pois 0%         N/A       100%        3
 Inner Flame              Hex/Fire       0%         N/A       100%        3
 Lesser Beckoning         Tloc           0%         N/A       100%        3
 Mephitic Cloud           Conj/Pois/Air  0%         N/A       100%        3
 Spider Form              Tmut/Pois      0%         N/A       100%        3
 Stone Arrow              Conj/Erth      0%         3d7       100%        3
 Summon Guardian Golem    Hex/Summ       0%         N/A       100%        3
 Teleport Other           Tloc           0%         N/A       100%        3
 Vampiric Draining        Necr           0%         2d6       100%        3
 Animate Armour           Summ/Erth      0%         N/A       100%        4
 Cause Fear               Hex            0%         N/A       100%        4
 Dispel Undead            Necr           0%         3d6       100%        4
 Hailstorm                Conj/Ice       0%         3d3       100%        4
 Ice Form                 Ice/Tmut       0%         N/A       100%        4
 Passage of Golubria      Tloc           0%         N/A       100%        4
 Petrify                  Tmut/Erth      0%         N/A       100%        4
 Sticky Flame             Conj/Fire      0%         2d3       100%        4
 Agony                    Necr           0%         N/A       100%        5
 Alistair's Intoxication  Tmut/Pois      0%         N/A       100%        5
 Borgnjor's Vile Clutch   Necr/Erth      0%         N/A       100%        5
 Fireball                 Conj/Fire      0%         3d3       100%        5
 Freezing Cloud           Conj/Ice/Air   0%         6-21      100%        5
 Iskenderun's Battlesphe  Conj           0%         2d6       100%        5
 Manifold Assault         Tloc           0%         N/A       100%        5
 Metabolic Englaciation   Hex/Ice        0%         N/A       100%        5
 Summon Forest            Summ/Tloc      0%         N/A       100%        5
 Summon Mana Viper        Hex/Summ       0%         N/A       100%        5
 Conjure Ball Lightning   Conj/Air       0%         3x3d6     100%        6
 Death Channel            Necr           0%         N/A       100%        6
 Dispersal                Tloc           0%         N/A       100%        6
 Eringya's Noxious Bog    Tmut/Pois      0%         N/A       100%        6
 Statue Form              Tmut/Erth      0%         N/A       100%        6
 Summon Cactus Giant      Summ           0%         N/A       100%        6
 Orb of Destruction       Conj           0%         9d5       100%        7
 Summon Hydra             Summ           0%         N/A       100%        7
 Discord                  Hex            0%         N/A       100%        8
 Lehudib's Crystal Spear  Conj/Erth      0%         10d2      100%        8
 Chain Lightning          Conj/Air       0%         N/A       100%        9
 Animate Dead             Necr           Unusable   N/A       N/A         4
 Corpse Rot               Necr/Pois/Air  Unusable   N/A       N/A         4
 Simulacrum               Ice/Necr       Unusable   N/A       N/A         6

Dungeon Overview and Level Annotations

Branches:
Dungeon (15/15)            Temple (0/1) D:5            Lair (6/6) D:11
 Shoals (4/4) Lair:2       Spider (4/4) Lair:4        Slime (0/5) Lair:5
    Orc (2/2) D:9             Elf (3/3) Orc:2        Vaults (3/5) D:14
  Crypt (0/3) Vaults:3     Depths (3/4) D:15         Bailey (visited)

Altars:
Ashenzari
Cheibriados
Elyvilon
Gozag
Hepliaklqana
Kikubaaqudgha
Makhleb
Nemelex Xobeh
Qazlal
Ru
Sif Muna
Trog
Uskayaw
Vehumet
Wu Jian
Zin
The Shining One
Beogh
Jiyva
Lugonu

Shops:
D:8 :   D:9 [   Orc:2 =[[   Elf:2 !   Lair:1 *   Shoals:1 *   Shoals:4 *
Vaults:2 (   Depths:1 (

Portals:
Hell: Depths:1
Abyss: Lair:6 Depths:1
Pandemonium: Depths:1
Ziggurat: Depths:1
Trove: Elf:3 (give 9 potions of haste)

Annotations:
Elf:1 3 runed translucent doors
Depths:1 1 runed translucent door, Dordric's ghost, adept DgHu
Depths:3 Mennas; Parghit


Innate Abilities, Weirdness & Mutations

You have a pair of horns on your head.
You reflexively headbutt those who attack you in melee.


Message History

Parghit misses you. You furiously retaliate!
You headbutt Parghit, but do no damage. You block Parghit's attack.
Parghit claws you but does no damage.
You barely miss Parghit. You headbutt Parghit, but do no damage.
Parghit is moderately wounded.
You hit Parghit but do no damage. Your headbutt misses Parghit.
Parghit is moderately wounded.
You are no longer berserk.
You are exhausted.
You feel yourself slow down.
The storm dragon skeleton is engulfed in freezing vapours.
Parghit bites you!
* * * LOW HITPOINT WARNING * * *
Parghit closely misses you. Parghit claws you but does no damage.
As you read the scroll of teleportation, it crumbles to dust.
You feel strangely unstable.
The storm dragon skeleton is engulfed in freezing vapours.
The fire giant skeleton is engulfed in freezing vapours.
You block Parghit's attack. Parghit claws you!
* * * LOW HITPOINT WARNING * * *
Parghit claws you but does no damage.
The storm dragon skeleton is engulfed in freezing vapours.
The storm dragon skeleton is distracted by your dazzling golden aura.
Okay, then. [a] - 288 gold - invisibility and might [b] - 260 gold - heal wounds and magic [c] - 540 gold - might, brilliance and haste Purchase which effect?
You no longer have enough gold to petition Gozag for potion effects.
You feel much better. Magic courses through your body.
The storm dragon skeleton is no longer distracted by gold.
Parghit barely misses you.
Parghit claws you but does no damage. x2
The storm dragon skeleton is engulfed in freezing vapours.
Parghit barely misses you. Parghit closely misses you. Parghit claws you!!
* * * LOW HITPOINT WARNING * * *
The fire giant skeleton is engulfed in freezing vapours.
Parghit attacks as you move away! Parghit bites you but does no damage.
You block Parghit's attack. Parghit claws you!
You die...
Your body crumbles into a pile of gold.

#....#.........
.#.....#
#...........###
#i.....#
)...........#
####.i...$#
##...#####+##
#.# TZ....+
##...# #.#
......# .....#
#.# #.Z...#
.....#
#.###.....#
.....#
#.##.ZC...+
[....#
#@##Z.....#
.....#
#T#.Z.....#
.....#
#Z°#......#
.....#
#..####.....#
###### #.##
#.....# ......
# ......#
...... ......#
...... .......
...... ....


You could see Parghit and a storm dragon skeleton.

Vanquished Creatures
  A juggernaut (Depths:2)
  2 liches
  Zenata (Vaults:3)
  Asterion (Spider:1)
  A sphinx (Vaults:3)
  Gastronok (D:8)
  A tentacled starspawn (Abyss:2)
  Donald (Elf:1)
  The ghost of Veiv the Stormcaller, an adept OpAE of Gozag (Elf:2)
  Aizul (Spider:1)
  4 emperor scorpions (Spider:4)
  2 fire giants
  An emperor scorpion (shapeshifter) (Depths:3)
  A deep elf sorcerer (Elf:1)
  A frost giant (Depths:3)
  2 orc warlords
  3 vault wardens (Vaults:3)
  4 ghost moths
  A spectral juggernaut (Depths:2)
  7 broodmothers
  9 ironbound preservers
  A juggernaut zombie (Depths:1)
  8 very ugly things
  An ophan (Abyss:2)
  6 war gargoyles
  4 ironbound thunderhulks
  2 stone giants
  A deep elf demonologist (Vaults:1)
  A deep elf annihilator (Elf:3)
  A lorocyproca (Abyss:2)
  A spark wasp (Spider:1)
  A spectral titan (Depths:2)
  8 entropy weavers
  7 dire elephants (Vaults:1)
  The ghost of Ilybyalurph the Destroyer, a journeyman OpCj of Gozag (Lair:4)
  An eidolon (Depths:2)
  Josephine (D:10)
  7 ettins
  2 spectral golden dragons (Depths:2)
  A spectral quicksilver dragon (Depths:2)
  A deep elf death mage (Depths:2)
  6 vault guards
  A deep elf high priest (Elf:3)
  A merfolk impaler (Shoals:4)
  A quicksilver dragon zombie (Depths:1)
  8 boulder beetles
  5 great orbs of eyes
  4 hydras
  4 yaktaur captains
  3 ice dragons
  A catoblepas (Lair:4)
  Fannar (D:10)
  A radroach (shapeshifter) (Lair:6)
  6 centaur warriors
  10 two-headed ogres
  3 alligator snapping turtles
  3 ironbound frosthearts (Vaults:3)
  2 radroaches
  A spectral fire giant (Depths:2)
  3 spectral frost giants (Depths:2)
  An anaconda (shapeshifter) (Lair:6)
  2 satyrs (Shoals:4)
  A tengu warrior (D:11)
  A death scarab (Spider:4)
  2 deep troll earth magi (Depths:1)
  3 vampire magi
  Urug (Lair:2)
  A deep troll shaman (Depths:1)
  A spriggan berserker (Depths:3)
  4 orc high priests (Orc:2)
  8 thrashing horrors
  A wretched star (Abyss:2)
  Amaemon (Lair:3)
  Sonja (Orc:2)
  8 deep elf knights
  5 pharaoh ants
  A sun moth (Spider:3)
  A skeletal warrior (Vaults:3)
  6 sea snakes
  2 spectral spark wasps (Depths:2)
  3 death drakes (Depths:2)
  5 orb spiders
  2 spectral iron dragons (Depths:2)
  2 glowing orange brains
  2 swamp dragons (Lair:5)
  5 deep elf archers
  2 flayed ghosts
  2 steelbarb worms
  4 necromancers
  5 starcursed masses (Abyss:2)
  9 lindwurms
  14 deep trolls
  A harpy (Shoals:4)
  2 phantasmal warriors (Vaults:3)
  8 ironbound convokers
  An orange crystal statue (Depths:2)
  4 wizards
  7 orc knights
  23 deep elf zephyrmancers
  2 spectral spriggans (Depths:2)
  3 orc sorcerers (Orc:2)
  12 deep elf pyromancers
  18 wolf spiders
  33 ugly things
  A spectral ettin (Depths:2)
  8 manticores
  6 elephants
  A rust devil (Abyss:2)
  6 cyclopes
  A fire giant skeleton (Depths:3)
  6 fauns
  9 vault sentinels
  2 moths of wrath (Spider:4)
  A water nymph (Shoals:2)
  3 merfolk sirens
  7 black mambas
  Joseph (D:7)
  Maurice (D:10)
  A titan simulacrum (Depths:2)
  An orange demon (Lair:3)
  A rime drake (Lair:2)
  2 smoke demons (Abyss:2)
  5 torpor snails
  13 cane toads
  A rime drake (shapeshifter) (D:14)
  Maggie (D:8)
  3 unseen horrors
  A hellwing (Depths:1)
  5 demonic crawlers
  9 komodo dragons
  9 yaktaurs (Vaults:3)
  2 spectral glowing shapeshifters (Depths:2)
  2 tengu conjurers (Depths:3)
  A spriggan skeleton (Depths:1)
  A meliai (shapeshifter) (Lair:6)
  11 trolls
  3 ancient zymes
  4 meliai (Spider:4)
  A polar bear (Lair:6)
  Prince Ribbit (D:8)
  8 merfolk
  A sphinx simulacrum (Depths:1)
  19 tarantellas
  6 wind drakes
  20 slime creatures
  4 dream sheep
  33 blink frogs
  4 snapping turtles
  13 large abominations
  A snapping turtle (shapeshifter) (Lair:6)
  22 culicivoras
  A shadow (D:10)
  3 air elementals (Elf:2)
  A jumping spider (shapeshifter) (Abyss:2)
  Sigmund (D:3)
  23 jumping spiders
  34 yaks
  9 water elementals
  6 wraiths
  2 vampires
  A ynoxinul (Lair:6)
  9 basilisks
  3 fire bats (Abyss:2)
  4 wyverns
  3 hogs (D:13)
  3 steam dragons
  5 chaos spawn
  58 redbacks
  2 fire elementals
  11 vampire mosquitoes
  5 wargs
  3 hell hounds (Abyss:2)
  3 acid dragons
  19 water moccasins
  A floating eye (Depths:3)
  56 orc warriors
  19 small abominations
  A human skeleton (Depths:1)
  An ice beast (D:6)
  6 black bears
  2 sky beasts (D:7)
  9 ogres
  25 wolves
  A phantom (D:4)
  9 centaurs
  5 kobold brigands
  17 bullfrogs
  An earth elemental (Elf:1)
  2 gnoll sergeants
  7 scorpions
  A necrophage (D:8)
  10 wights
  A floating eye simulacrum (Depths:3)
  17 killer bees
  5 howler monkeys
  13 electric eels
  6 hounds
  2 quasits (Abyss:2)
  3 gnoll shamans
  25 orc priests
  A jelly (D:5)
  Crazy Yiuf (D:3)
  Jessica (D:2)
  Terence (D:3)
  Ijyb (D:3)
  3 iguanas
  4 orc wizards
  4 hell rats (Lair:5)
  Robin (D:3)
  28 gnolls
  8 adders
  3 shadow imps
  2 white imps (D:7)
  An ufetubus (D:6)
  3 worms
  5 dart slugs
  84 orcs
  8 endoplasms
  5 giant cockroaches
  23 goblins
  14 hobgoblins
  5 quokkas
  6 ball pythons
  5 bats
  2 frilled lizards (D:1)
  50 kobolds
  5 rats
1376 creatures vanquished.

Vanquished Creatures (collateral kills)
  A profane servitor (Vaults:1)
  A deep elf master archer (Elf:3)
  2 sphinxes (Vaults:2)
  Kirke (D:13)
  An iron dragon (Vaults:2)
  3 deep elf sorcerers (Elf:3)
  A vault warden (Vaults:3)
  2 deep elf elementalists (Elf:3)
  A very ugly thing (Depths:2)
  A stone giant (Vaults:2)
  2 ironbound preservers
  A deep elf annihilator (Elf:3)
  3 dire elephants (Vaults:1)
  A merfolk javelineer (Shoals:4)
  A merfolk impaler (Shoals:4)
  A deep elf high priest (Elf:3)
  A yaktaur captain (Vaults:2)
  3 vault guards
  2 hydras
  A boulder beetle (D:15)
  An ice dragon (Depths:1)
  2 merfolk avatars
  An alligator snapping turtle (Shoals:1)
  2 ironbound frosthearts (Vaults:2)
  A centaur warrior (D:15)
  10 dancing weapons
  An orc high priest (Elf:2)
  4 deep elf knights
  An iron troll (Depths:1)
  6 sea snakes
  A deep troll (Vaults:2)
  2 deep elf archers (Elf:3)
  2 ironbound convokers (Vaults:2)
  2 wizards
  3 harpies (Shoals:3)
  2 lindwurms (Vaults:1)
  11 ugly things
  5 deep elf pyromancers
  2 cyclopes
  5 deep elf zephyrmancers
  An orc knight (D:15)
  An orc sorcerer (Elf:3)
  7 manticores
  A faun (Shoals:1)
  A human skeleton (Vaults:2)
  3 merfolk sirens
  3 vault sentinels
  3 water nymphs
  A gargoyle (D:13)
  A rime drake (Lair:4)
  9 merfolk
  A troll (D:14)
  A wind drake (Shoals:1)
  8 snapping turtles
  9 slime creatures
  A dream sheep (Shoals:1)
  2 jumping spiders
  A spriggan (shapeshifter) (D:15)
  3 air elementals (Elf:3)
  8 water elementals
  A yak (Vaults:1)
  2 vampire mosquitoes (D:13)
  A basilisk (D:15)
  2 human simulacra
  4 hogs (D:13)
  A yaktaur simulacrum (Vaults:2)
  An elf simulacrum (Vaults:2)
  A warg (D:15)
  2 orc warriors
  2 centaurs (D:15)
  A bullfrog (Lair:4)
  A glowing shapeshifter simulacrum (Vaults:2)
  A howler monkey (D:13)
  An orc priest (D:15)
  An orc wizard (D:15)
  2 orcs (D:15)
  A plant (Shoals:3)
184 creatures vanquished.

Vanquished Creatures (others)
  2 deep elf blademasters (Elf:3)
  Ilsuiw (Shoals:3)
  3 deep elf sorcerers (Elf:3)
  3 vault wardens
  4 deep elf elementalists (Elf:3)
  6 ironbound preservers
  An ironbound thunderhulk (Vaults:2)
  5 deep elf annihilators (Elf:3)
  Nessos (D:14)
  2 dire elephants (Vaults:1)
  3 deep elf death magi (Elf:3)
  5 merfolk impalers
  A crystal guardian (Vaults:2)
  2 deep elf high priests
  A servant of whispers (Vaults:2)
  A rakshasa (Depths:1)
  4 vault guards
  A boulder beetle (Vaults:2)
  A peacekeeper (Vaults:2)
  2 merfolk aquamancers
  A centaur warrior (D:14)
  22 dancing weapons
  A satyr (Shoals:4)
  3 tengu warriors (D:14)
  An orc high priest (Elf:3)
  A deep troll earth mage (Depths:2)
  A deep elf knight (Elf:2)
  7 deep trolls
  An ironbound convoker (Vaults:1)
  6 harpies (Shoals:4)
  3 deep elf pyromancers
  2 deep elf zephyrmancers (Elf:3)
  An ugly thing (D:14)
  A faun (Shoals:2)
  5 manticores
  2 cyclopes (Shoals:1)
  7 merfolk sirens
  2 vault sentinels
  2 water nymphs
  A storm dragon simulacrum (Depths:2)
  6 yaktaurs
  A tengu conjurer (D:14)
  3 trolls
  13 merfolk
  2 saltlings (Vaults:2)
  A dream sheep (Shoals:2)
  A wind drake (Shoals:4)
  An air elemental (Elf:1)
  A yak (Vaults:1)
  A water elemental (Shoals:2)
  An orc warrior (Elf:3)
  A wolf (Vaults:1)
  6 centaurs
  2 orc priests (Elf:3)
  An orc wizard (Elf:3)
  A white imp (Vaults:1)
  An orc (Elf:3)
  2 bushes (D:14)
  31 fungi
  203 plants
  2 starspawn tentacles (Abyss:2)
  14 tentacles
414 creatures vanquished.

Grand Total: 1974 creatures vanquished

Notes
Turn   | Place    | Note
-------+----------+-------------------------------------------
     0 | D:1      | dolemite99 the Minotaur Monk began the quest for the Orb.
     0 | D:1      | Reached XP level 1. HP: 19/19 MP: 0/0
   330 | D:1      | Reached XP level 2. HP: 16/26 MP: 1/1
   930 | D:1      | Reached skill level 5 in Long Blades
   936 | D:1      | Reached XP level 3. HP: 20/31 MP: 2/2
  1614 | D:2      | You fall into a shaft and drop 2 floors!
  1665 | D:4      | Reached XP level 4. HP: 26/39 MP: 3/3
  2039 | D:4      | Identified the ring "Naraumaoke" {Contam rPois rC+ rN+
                  | Stlth+}
  2047 | D:4      | Noticed a phantom
  2068 | D:5      | Entered Level 5 of the Dungeon
  2127 | D:5      | Found an opulent altar of Gozag.
  2138 | D:5      | Became a worshipper of Gozag Ym Sagoz the Greedy
  2150 | D:5      | Found a staircase to the Ecumenical Temple.
  2437 | D:5      | Noticed a kobold brigand
  2461 | D:5      | Killed a kobold brigand
  2462 | D:5      | Reached XP level 5. HP: 38/45 MP: 4/4
  3444 | D:3      | Noticed Ijyb
  3454 | D:3      | Killed Ijyb
  3515 | D:3      | Noticed Terence
  3526 | D:3      | Killed Terence
  3686 | D:3      | Found an ancient bone altar of Kikubaaqudgha.
  3686 | D:3      | Found a snail-covered altar of Cheibriados.
  3686 | D:3      | Found a stormy altar of Qazlal.
  3686 | D:3      | Found a hazy altar of Hepliaklqana.
  3689 | D:3      | Reached XP level 6. HP: 51/51 MP: 5/5
  3703 | D:3      | Found a broken altar of Ashenzari.
  3707 | D:3      | Found a bloodstained altar of Trog.
  3746 | D:3      | Noticed Robin
  3840 | D:3      | Killed Robin
  3934 | D:3      | Noticed Sigmund
  3943 | D:3      | Killed Sigmund
  4301 | D:3      | Found a runed translucent door.
  4302 | D:3      | Noticed Crazy Yiuf
  4453 | D:4      | Reached XP level 7. HP: 43/57 MP: 6/6
  4849 | D:4      | Reached skill level 10 in Long Blades
  5162 | D:5      | Reached skill level 1 in Crossbows
  5606 | D:5      | Found a shimmering blue altar of Sif Muna.
  5946 | D:6      | Reached skill level 1 in Armour
  6473 | D:6      | Reached XP level 8. HP: 59/64 MP: 7/7
  6505 | D:6      | Found a glowing golden altar of the Shining One.
  6615 | D:6      | Reached skill level 5 in Armour
  7395 | D:6      | Reached skill level 4 in Fighting
  7989 | D:6      | Reached skill level 5 in Fighting
  8044 | D:6      | Reached skill level 6 in Fighting
  8364 | D:7      | Reached skill level 7 in Fighting
  8486 | D:7      | Noticed Joseph
  8507 | D:7      | Killed Joseph
  8508 | D:7      | Reached skill level 8 in Fighting
  8508 | D:7      | Reached XP level 9. HP: 24/82 MP: 8/8
 10023 | D:8      | Noticed Gastronok
 10029 | D:8      | Noticed Maggie
 10039 | D:8      | Found Utoel's Book Shop.
 10115 | D:8      | Killed Gastronok
 10116 | D:8      | Reached XP level 10. HP: 52/90 MP: 9/9
 10126 | D:8      | Killed Maggie
 10212 | D:8      | Reached skill level 15 in Long Blades
 10796 | D:8      | Noticed Prince Ribbit
 10808 | D:8      | Killed Prince Ribbit
 11510 | D:9      | Found Miselef's Armour Emporium.
 11520 | D:9      | Bought a +1 pair of gloves for 126 gold pieces
 11850 | D:9      | Found a white marble altar of Elyvilon.
 12166 | D:9      | Reached skill level 1 in Shields
 12236 | D:9      | Found a sacrificial altar of Ru.
 12340 | D:9      | Found a staircase to the Orcish Mines.
 12970 | D:10     | Entered Level 10 of the Dungeon
 13090 | D:10     | Found a flagged portal.
 13096 | Bailey   | Entered a bailey
 13430 | Bailey   | Noticed an orc knight
 13438 | Bailey   | Killed an orc knight
 13439 | Bailey   | Reached skill level 5 in Shields
 14448 | D:10     | Noticed a two-headed ogre
 14465 | D:10     | Killed a two-headed ogre
 14466 | D:10     | Reached XP level 11. HP: 69/95 MP: 10/10
 14758 | D:10     | Noticed a two-headed ogre
 14764 | D:10     | Killed a two-headed ogre
 14765 | D:10     | Reached skill level 9 in Fighting
 15684 | D:10     | Noticed Maurice
 16059 | D:10     | Noticed Josephine
 16074 | D:10     | Killed Josephine
 16820 | D:10     | Killed Maurice
 16821 | D:10     | Reached skill level 10 in Fighting
 16982 | D:10     | Noticed Fannar
 16998 | D:10     | Killed Fannar
 17589 | D:10     | Noticed a two-headed ogre
 17599 | D:10     | Killed a two-headed ogre
 18038 | D:10     | Reached skill level 11 in Fighting
 18725 | D:11     | Noticed a boulder beetle
 18790 | D:11     | Found a staircase to the Lair.
 18839 | D:11     | Noticed a cyan ugly thing
 18870 | D:11     | Killed a cyan ugly thing
 18871 | D:11     | Reached skill level 10 in Armour
 18975 | Lair:1   | Entered Level 1 of the Lair of Beasts
 19216 | Lair:1   | Reached XP level 12. HP: 93/112 MP: 11/11
 19365 | Lair:1   | Reached skill level 12 in Fighting
 20344 | Lair:2   | Noticed an eight-headed hydra
 20756 | Lair:1   | HP: 2/112 [eight-headed hydra (12)]
 20981 | Lair:2   | Reached skill level 1 in Evocations
 21089 | Lair:1   | Bought a scroll of blinking for 127 gold pieces
 21089 | Lair:1   | Bought a wand of light (6) for 340 gold pieces
 21089 | Lair:1   | Bought the +0 pair of fencer's gloves {Riposte Dex+3} for
                  | 680 gold pieces
 21089 | Lair:1   | Found the +0 pair of fencer's gloves {Riposte Dex+3}
 21157 | D:11     | Noticed a two-headed ogre
 21171 | D:11     | Killed a boulder beetle
 21172 | D:11     | Killed a two-headed ogre
 21173 | D:11     | Reached skill level 5 in Evocations
 21316 | D:11     | Reached skill level 5 in Crossbows
 21412 | D:11     | Noticed a centaur warrior
 21421 | D:11     | Killed a centaur warrior
 21571 | D:11     | Noticed a tengu warrior
 21598 | D:11     | Killed a tengu warrior
 21870 | D:11     | Reached XP level 13. HP: 110/118 MP: 12/12
 23747 | D:12     | Reached skill level 10 in Shields
 24835 | Lair:2   | Noticed Urug
 24846 | Lair:2   | Killed Urug
 25140 | Lair:2   | Found a staircase to the Shoals.
 25356 | Lair:2   | Found a burning altar of Makhleb.
 26038 | Lair:3   | Found a dark tunnel.
 26196 | Lair:3   | Noticed Amaemon
 26202 | Lair:3   | Killed Amaemon
 26203 | Lair:3   | Reached skill level 13 in Fighting
 27202 | Lair:4   | Reached XP level 14. HP: 129/129 MP: 13/13
 27383 | Lair:4   | Found a hide-covered altar of Uskayaw.
 27383 | Lair:4   | Found an ornate altar of the Wu Jian Council.
 27696 | Lair:4   | Found a hole to the Spider Nest.
 27797 | Lair:4   | Found a transporter.
 27982 | Lair:4   | Found a transporter.
 28077 | Lair:4   | Noticed Ilybyalurph's ghost (journeyman OpCj)
 28492 | Lair:5   | Found a staircase to the Slime Pits.
 28493 | Lair:5   | Found a viscous altar of Jiyva.
 28735 | Lair:5   | Reached skill level 14 in Fighting
 29317 | Lair:6   | Entered Level 6 of the Lair of Beasts
 29468 | Lair:6   | Identified a scroll of acquirement
 29469 | Lair:6   | Acquired the +2 pair of boots "Diufo" {+Blink Regen+
                  | Stlth+}
 30594 | Lair:6   | Reached skill level 10 in Crossbows
 30601 | Lair:6   | Found a corrupted altar of Lugonu.
 30602 | Lair:6   | Found a one-way gate to the infinite horrors of the Abyss.
 30737 | Lair:6   | Identified the +6 arbalest of Melee {flame, rF+}
 31239 | Lair:6   | Identified the +0 helmet of Omues {MP+9 Str-3 Int+3 Stlth+}
 31834 | D:2      | Noticed Jessica
 31844 | D:2      | Killed Jessica
 31998 | D:2      | Found a faded altar of an unknown god.
 32143 | D:3      | Killed Crazy Yiuf
 32834 | D:13     | Noticed Kirke
 33078 | D:13     | Your ally Kirke died
 33746 | D:14     | Found a gate to the Vaults.
 33755 | D:14     | Reached XP level 15. HP: 139/139 MP: 14/14
 34465 | D:14     | Noticed Nessos
 34472 | D:14     | Killed Nessos
 34992 | D:15     | Entered Level 15 of the Dungeon
 35010 | D:15     | Reached skill level 15 in Crossbows
 36584 | D:15     | Found a staircase to the Depths.
 36881 | D:15     | Identified the +3 leather armour "Abeonoz" {Will+ Regen+}
 37114 | Orc:1    | Entered Level 1 of the Orcish Mines
 37410 | Orc:2    | Entered Level 2 of the Orcish Mines
 38921 | Orc:2    | Found Ekhesch Awuto's Armour Emporium.
 38951 | Orc:2    | Found Emashraf's Armour Shoppe.
 39459 | Orc:2    | Found a staircase to the Elven Halls.
 39585 | Orc:2    | Noticed an orc warlord
 39601 | Orc:2    | Killed an orc warlord
 39662 | Orc:2    | Noticed Sonja
 39675 | Orc:2    | Killed Sonja
 39974 | Orc:2    | Found Biev's Jewellery Shop.
 40386 | Orc:2    | Reached skill level 15 in Fighting
 40661 | Orc:2    | Found Butyng's Jewellery Boutique.
 41076 | Orc:2    | Bought a ring of poison resistance for 220 gold pieces
 41292 | Spider:1 | Entered Level 1 of the Spider Nest
 41311 | Spider:1 | Reached XP level 16. HP: 141/149 MP: 15/15
 42038 | Spider:1 | Reached skill level 16 in Fighting
 42259 | Spider:1 | Noticed Aizul
 42275 | Spider:1 | Killed Aizul
 42519 | Spider:1 | Learned a level 1 spell: Apportation
 42522 | Spider:1 | Learned a level 2 spell: Blink
 42712 | Spider:1 | Noticed Asterion
 42728 | Spider:1 | Killed Asterion
 43216 | Shoals:1 | Entered Level 1 of the Shoals
 43302 | Shoals:1 | Reached skill level 17 in Fighting
 43787 | Shoals:1 | Found Sirchiw's Specific Store.
 43791 | Shoals:1 | Found Lodo Xei's General Store.
 43795 | Shoals:1 | Bought a scroll of poison for 45 gold pieces
 43795 | Shoals:1 | Bought a scroll of magic mapping for 45 gold pieces
 43795 | Shoals:1 | Bought a scroll of enchant armour for 97 gold pieces
 44220 | Shoals:2 | Reached skill level 18 in Fighting
 45371 | Shoals:3 | Noticed Ilsuiw
 45647 | Shoals:3 | Identified the +11 flail of the Valley {freeze, Int+4}
 45666 | Shoals:3 | Reached skill level 19 in Fighting
 45670 | Shoals:3 | Noticed a kraken
 45688 | Shoals:3 | Your ally Ilsuiw died
 45979 | Shoals:4 | Entered Level 4 of the Shoals
 46090 | Shoals:4 | Found Siel's Assorted Antiques.
 46126 | Shoals:4 | Bought a scroll of enchant weapon for 210 gold pieces
 46854 | Shoals:4 | Identified the +8 quarterstaff of Wisdom {vamp, rF+ rC+
                  | Str-2 SInv}
 46936 | Shoals:4 | Reached skill level 20 in Fighting
 47034 | Shoals:4 | Noticed a kraken
 47226 | Shoals:4 | Reached XP level 17. HP: 137/170 MP: 16/16
 47313 | Shoals:4 | Identified the +2 mace of Armageddon {flame, rElec Will+
                  | Str-3}
 47372 | Shoals:4 | Got a barnacled rune of Zot
 47627 | Lair:4   | Killed Ilybyalurph's ghost
 48704 | Spider:2 | Reached skill level 15 in Armour
 51137 | Spider:4 | Entered Level 4 of the Spider Nest
 51880 | Spider:4 | Identified the +8 trident of Yredelemnul's Wrath {vorpal,
                  | Str-5 Dex+3 SInv}
 52674 | Spider:4 | Reached skill level 15 in Shields
 53076 | Spider:4 | Reached skill level 5 in Dodging
 53730 | Spider:4 | Reached XP level 18. HP: 164/180 MP: 17/17
 53771 | Spider:4 | Got a gossamer rune of Zot
 54147 | Vaults:1 | Entered Level 1 of the Vaults
 55179 | Vaults:1 | You fall into a shaft and drop 1 floor!
 55218 | Vaults:2 | Found Ytof Neu's Antique Weapon Boutique.
 55331 | Vaults:2 | Found a crumbling gateway.
 55619 | Vaults:2 | Found the +6 lightning scales {swift, rElec}
 56149 | Vaults:2 | Reached skill level 10 in Dodging
 56284 | Vaults:2 | Identified the +7 shortbow of the Eel {vorpal, rF++}
 56660 | Vaults:3 | Identified the +4 long sword of Tender Mercy {spect, *Slow
                  | rF+ Dex+3}
 56924 | Vaults:3 | Found a staircase to the Crypt.
 57502 | Vaults:3 | Noticed Zenata
 58219 | Vaults:1 | Reached skill level 10 in Evocations
 58505 | Vaults:1 | Reached XP level 19. HP: 163/187 MP: 18/18
 59085 | Vaults:1 | Noticed a Brimstone Fiend
 59766 | Vaults:1 | Cast into level 2 of the Abyss (a wizard)
 59769 | Abyss:2  | Found a bloodstained altar of Trog.
 59973 | Abyss:2  | Reached skill level 21 in Fighting
 60074 | Abyss:2  | Found an opulent altar of Gozag.
 60476 | Abyss:2  | Noticed a profane servitor
 60482 | Vaults:1 | Escaped the Abyss
 60516 | Vaults:1 | Killed a profane servitor
 61151 | Elf:1    | Entered Level 1 of the Elven Halls
 61205 | Elf:1    | Reached skill level 22 in Fighting
 61223 | Elf:1    | Found a radiant altar of Vehumet.
 62066 | Elf:1    | Noticed Donald
 62081 | Elf:1    | Killed Donald
 63265 | Elf:1    | Found a runed translucent gate.
 63271 | Elf:1    | Found a runed translucent gate.
 63271 | Elf:1    | Found a runed translucent gate.
 63522 | Elf:2    | Reached skill level 23 in Fighting
 63838 | Elf:2    | Identified the +8 flail of Uncomfortable Rashes {vamp,
                  | Int+3 Stlth+}
 64185 | Elf:2    | Found a runed translucent door.
 64208 | Elf:2    | Found Hezoatoj's Distillery.
 64245 | Elf:2    | Found a runed translucent gate.
 64246 | Elf:2    | Found a runed translucent gate.
 64246 | Elf:2    | Found a runed translucent gate.
 64273 | Elf:2    | Noticed Veiv's ghost (adept OpAE)
 64286 | Elf:2    | Killed Veiv's ghost
 64995 | Elf:2    | Reached skill level 24 in Fighting
 64995 | Elf:2    | Reached XP level 20. HP: 195/206 MP: 19/19
 65642 | Elf:3    | Entered Level 3 of the Elven Halls
 65963 | Elf:3    | Paralysed by an air elemental for 1 turns
 65977 | Elf:3    | Paralysed by an air elemental for 1 turns
 65980 | Elf:3    | Paralysed by an air elemental for 1 turns
 66371 | Elf:3    | Identified the amulet of Ujeihits {Reflect +Blink rC+ rCorr
                  | Int-3 SH+5}
 66735 | Elf:3    | Identified the +7 hand crossbow of Ulen {venom, rC+ rCorr
                  | Dex-5} (You took it off a deep elf archer on level 3 of the
                  | Elven Halls)
 67007 | Elf:3    | Identified the +4 long sword of Watchfulness {freeze, rF+++
                  | rC+ rN+ Will-}
 67013 | Elf:3    | Identified the +0 buckler "Heemo Veu" {rF++ Str-3}
 67353 | Elf:3    | Identified the +1 cloak of Impermeability {Int+3}
 67355 | Elf:3    | Got the Papyrus of Venom
 67360 | Elf:3    | Got Ivyq's Compendium of Spatial Air
 67456 | Elf:3    | Reached skill level 25 in Fighting
 67519 | Elf:3    | Found a portal to a secret trove of treasure.
 67676 | Elf:3    | Identified the ring of Zyrypo {Fire rN++ Str+3}
 68096 | Vaults:3 | Killed Zenata
 68543 | Orc:2    | Bought a ring of see invisible for 165 gold pieces
 68762 | Shoals:1 | Bought the +3 pair of gauntlets of War {Slay+5} for 522
                  | gold pieces
 68762 | Shoals:1 | Found the +3 pair of gauntlets of War {Slay+5}
 68979 | Depths:1 | Entered Level 1 of the Depths
 69395 | Depths:1 | Found a sparkling altar of Nemelex Xobeh.
 69445 | Depths:1 | Found a runed translucent door.
 69446 | Depths:1 | Noticed Dordric's ghost (adept DgHu)
 69568 | Depths:1 | Found a gateway to Hell.
 69705 | Depths:1 | Found a glowing silver altar of Zin.
 69761 | Depths:1 | Found Ginoav's Weapon Boutique.
 69782 | Depths:1 | Found a one-way gateway to a ziggurat.
 69785 | Depths:1 | Identified the +4 hunting sling of Jan Team {freeze, rPois}
 69955 | Depths:1 | Found a one-way gate leading to the halls of Pandemonium.
 70731 | Depths:2 | Noticed a juggernaut
 70754 | Depths:2 | Killed a juggernaut
 71695 | Depths:2 | Identified the +0 leather armour of the Dungeon {rPois
                  | Will+ Int+3}
 72023 | Depths:3 | Noticed Parghit
 72039 | Depths:3 | Noticed Mennas
 72099 | Depths:3 | Reached XP level 21. HP: 103/209 MP: 20/20
 72133 | Depths:3 | HP: 10/212 [Parghit (9)]
 72135 | Depths:3 | Mangled by Parghit

Illustrated notes

Levels and vault maps discovered:
D:1:      dpeg_arrival_tiny_i, layout_rooms
D:2:      layout_rooms, serial_curves, eino_curves_04, eino_curves_04,
          eino_curves_01, ebering_ecumenical_altar_mist,
          kennysheep_jessica_study
D:3:      layout_basic, minmay_overflow_temple_hex, serial_glass,
          glass_columns_a, glass_columns_b, glass_columns_a, glass_columns_c,
          glass_columns_a, glass_columns_a, feat_on_display, uniq_jessica,
          uniq_ijyb, uniq_crazy_yiuf_cottage, uniq_terence, uniq_robin,
          uniq_sigmund
D:4:      layout_basic, minmay_ruptured
D:5:      kennysheep_kobold_camp, layout_loops_ring, grunt_gozag_statues,
          led_sif_pool, minmay_temple_entry_sparse_star, solitary_fountain
D:6:      layout_cave_pods, amcnicky_altar_gilded
D:7:      layout_loops_cross, uniq_joseph
D:8:      layout_rooms, serial_shops, shop, uniq_gastronok, uniq_prince_ribbit1,
          uniq_maggie
D:9:      layout_small_grid, nicolae_overflow_squiral, orc_0_dummy,
          serial_shops, shop_statue, wad_dig_loot
D:10:     layout_stronghold, enter_bailey_3, nzn_random_ring, uniq_fannar,
          uniq_josephine, uniq_maurice
D:11:     minmay_the_grid_4x2 [minmay_the_grid_gridbox,
          minmay_the_grid_large_cup, minmay_the_grid_slots,
          minmay_the_grid_aliased_spiral, minmay_the_grid_garden,
          minmay_the_grid_empty, minmay_the_grid_square_x,
          minmay_the_grid_prize_trominoes], layout_basic, erik_lair_island,
          nooodl_orcs_dogs
D:12:     layout_irregular_city
D:13:     layout_basic, uniq_kirke
D:14:     layout_basic, erik_vaults_2, serial_park_square2, uniq_nessos
D:15:     gammafunk_enter_depths_forms, layout_gridville,
          hellmonk_bongcloud_opening, minmay_variable_closet
Lair:1:   layout_cave_pods, nicolae_quartered_pool_super,
          chequers_serial_rivers_micro_e, beast_lair_carwin_3,
          grunt_megastairs_5
Lair:2:   layout_concentric_octagons, minmay_shoals_entry_beasts, basic_altar,
          lemuel_fruit_fields, uniq_urug
Lair:3:   layout_regular_city, enter_volcano_1, grunt_megastairs_4, uniq_amaemon
Lair:4:   layout_big_grid, nicolae_spider_entry_non_spiders, nzn_ghost_randoct,
          nzn_masters_of_martial_movement
Lair:5:   beast_lair_carwin_large_3, layout_hall_layers, slime_entry_1, pond
Lair:6:   hellmonk_lair_end_abyssal_woods, layout_cave_pods, lemuel_fruit_fields
Shoals:1: layout_shoals, nicolae_specific_store, st_sunken_temple
Shoals:2: argonaut_golden_fleece, layout_shoals
Shoals:3: layout_shoals, uniq_ilsuiw
Shoals:4: shoals_end_hangedman, layout_shoals, serial_shops,
          nicolae_shop_hallway_stairs, nicolae_shoals_stone_sculpture_thing
Spider:1: layout_cave_pods, uniq_aizul, uniq_asterion
Spider:2: layout_spider_delve
Spider:3: layout_spider_delve
Spider:4: hellmonk_spider_rune_endless_swarm, hangedman_spider_tarantella_strand
Orc:1:    layout_caves, basic_altar
Orc:2:    pubby_orc_utopia, uniq_sonja
Elf:1:    eino_elf_arrival_altar, layout_gridlike,
          ploomutoo_gammafunk_ghost_potion_laboratory, minivault_28, uniq_donald
Elf:2:    nicolae_elf_blades_crystal_corner, layout_loops_corners,
          ebering_ghost_reflecting_pool, serial_shops,
          nicolae_shop_behind_doors, roderic_roman_lattice
Elf:3:    minmay_elf_hall_dome, layout_onion_city, trove_entry_hex_spiral,
          small_chamber_with_monster
Vaults:1: v_alt_pattern_5, dpeg_vaults_waves, serial_ice_g, v_misc_4, v_misc_17,
          nicolae_vaults_asterisk, layout_vaults_quadrants
Vaults:2: portal_desolation_entry_nicolae_nacl, st_eye,
          hangedman_vaults_restitches, nicolae_vaults_angled_halls,
          ontoclasm_vaults_ring_square, vaults_room_grid, vaults_mumra_lcd,
          ontoclasm_vaults_pinch, ontoclasm_vaults_ring_square, v_misc_24,
          layout_vaults_big_room, serial_shops, shop
Vaults:3: v_misc_4, v_rooms_1, vaults_mumra_minichess, nicolae_vaults_arrows,
          gammafunk_its_a_trap, nicolae_vaults_network_s,
          minmay_crypt_entry_simple_sparse, nicolae_vaults_little_squares_6,
          v_misc_16, vaults_mumra_hex, hangedman_vaults_impose,
          ontoclasm_vaults_shuriken, vaults_dpeg_hooks, layout_vaults_omnicross,
          uniq_zenata
Depths:1: layout_long_grid, enter_ziggurat_f, serial_shops, nicolae_square_shop,
          minmay_room_of_horrors, ebering_ghost_inner_flame,
          grunt_pan_entry_in_and_out, nemelex_spade_bored_becter, hell_entry,
          minmay_misc_feat_rugged, zin_academy
Depths:2: lemuel_river_lethe, serial_shops, hell_entry, pan_entry
Depths:3: grunt_twist_and_shout, layout_gridville, hell_entry,
          fiery_altar_vehumet, pan_entry, abyss_entry, uniq_mennas,
          uniq_parghit, uniq_xtahua

Skill      XL: |  1  2  3  4  5  6  7  8  9 10 11 12 13 14 15 16 17 18 19 20 |
---------------+-------------------------------------------------------------+-----
Long Blades    | 4 5 7 8 9 10 14 15 16 | 16.0
Crossbows      | 3 7 8 13 18 | 18.6
Armour         | 3 5 6 10 12 14 17 18 | 18.4
Fighting       | 8 11 12 13 14 15 20 24 25 | 25.0
Shields        | 7 8 9 12 13 15 | 15.0
Evocations     | 6 7 10 12 | 12.9
Dodging        | 6 12 14 | 14.0
Stealth        | |  1.5

Action                   |  1- 3 |  4- 6 |  7- 9 | 10-12 | 13-15 | 16-18 | 19-21 || total
-------------------------+-------+-------+-------+-------+-------+-------+-------++-------
Melee: Falchion          |    69 |   121 |     5 |       |       |       |       ||   195
       Headbutt          |    10 |    30 |    34 |    94 |   274 |   419 |   379 ||  1240
       Punch             |     2 |       |       |       |       |       |       ||     2
       Long sword        |       |       |   135 |       |       |       |       ||   135
       Scimitar          |       |       |    95 |   454 |   852 |   985 |   931 ||  3317
       Hand crossbow     |       |       |       |     1 |       |     2 |       ||     3
 Fire: Hand crossbow     |       |    58 |   123 |   305 |   750 |   326 |   234 ||  1796
Throw: Stone             |     8 |       |       |       |       |       |       ||     8
       Dart              |     3 |     9 |    15 |    31 |    39 |       |       ||    97
       Javelin           |       |       |       |       |    16 |       |       ||    16
       Boomerang         |       |       |       |       |    54 |       |       ||    54
Invok: Potion Petition   |       |       |     2 |     3 |       |       |     6 ||    11
       Call Merchant     |       |       |       |     1 |       |       |       ||     1
       Bribe Branch      |       |       |       |       |     1 |     2 |     1 ||     4
Evoke: Wand              |       |       |       |    42 |    19 |    47 |    40 ||   148
       Lightning rod     |       |       |       |       |    23 |    27 |    21 ||    71
       Box of beasts     |       |       |       |       |     4 |     6 |     6 ||    16
       Phial of floods   |       |       |       |       |     4 |     5 |     4 ||    13
       Condenser vane    |       |       |       |       |       |       |     4 ||     4
       Phantom mirror    |       |       |       |       |       |       |     3 ||     3
  Use: Scroll            |     5 |     4 |     5 |    15 |    13 |    25 |    18 ||    85
       Potion            |       |     1 |     3 |     4 |     1 |    20 |    16 ||    45
 Stab: Sleeping          |       |     1 |       |       |       |       |       ||     1
       Distracted        |       |       |     1 |     5 |     7 |    21 |     7 ||    41
       Paralysed         |       |       |       |     2 |       |     1 |       ||     3
       Invisible         |       |       |       |     2 |     1 |     6 |     5 ||    14
Armor: Robe              |    13 |     2 |       |       |       |       |       ||    15
       Scale mail        |       |    33 |    14 |       |       |       |       ||    47
       Chain mail        |       |       |   127 |   276 |       |       |       ||   403
       Skin              |       |       |     1 |    18 |       |       |       ||    19
       Plate armour      |       |       |       |   149 |   535 |   558 |   438 ||  1680
Dodge: Dodged            |    46 |    52 |   114 |   216 |   239 |   269 |   444 ||  1380
Block: Buckler           |     1 |    19 |    36 |    15 |       |       |       ||    71
       Kite shield       |       |       |       |   322 |  1135 |  1250 |   853 ||  3560
       Reflection        |       |       |       |       |    47 |    60 |    43 ||   150
       Rpst.: Scimitar   |       |       |       |    10 |   233 |   345 |   152 ||   740

Table legend: (Time is in decaauts)
 A = Elapsed time spent in this place.
 B = Non-inter-level travel time spent in this place.
 C = Inter-level travel time spent in this place.
 D = Time resting spent in this place.
 E = Time spent auto-exploring this place.
 F = Levels seen in this place.
 G = Mean time per level.
                   A        B        C        D        E       F      G
               +--------+--------+--------+--------+--------+-----+--------+
         Total |  72653 |  67317 |   5336 |  24090 |  25654 |  42 | 1729.8 |
       Dungeon |  28036 |  25879 |   2157 |  11515 |   9176 |  15 | 1869.1 |
          Lair |  10131 |   9390 |    741 |   2274 |   4741 |   6 | 1688.5 |
        Shoals |   4769 |   4452 |    317 |   1106 |   1640 |   4 | 1192.2 |
   Spider Nest |   7694 |   7425 |    269 |   2709 |   3037 |   4 | 1923.5 |
  Orcish Mines |   4708 |   3928 |    780 |   1312 |   1272 |   2 | 2354.0 |
   Elven Halls |   5602 |   5146 |    456 |   1038 |   2636 |   3 | 1867.3 |
        Vaults |   6658 |   6098 |    560 |   2197 |   2018 |   3 | 2219.3 |
        Depths |   3097 |   3043 |     54 |   1244 |    693 |   3 | 1032.3 |
         Abyss |    709 |    709 |      0 |    118 |    175 |   1 |  709.0 |
        Bailey |   1246 |   1246 |      0 |    573 |    264 |   1 | 1246.0 |
               +--------+--------+--------+--------+--------+-----+--------+

Top non-repeatable levels by time:
    D:10: 4063 daAuts
   Orc:2: 3964 daAuts
Vaults:1: 3400 daAuts
     D:9: 2689 daAuts
    D:11: 2595 daAuts
     D:6: 2594 daAuts
Spider:4: 2425 daAuts
  Lair:1: 2073 daAuts
   Elf:3: 2071 daAuts
  Lair:4: 2048 daAuts
    D:14: 2047 daAuts
  Lair:6: 2029 daAuts
Spider:3: 1931 daAuts
   Elf:1: 1872 daAuts
Vaults:2: 1858 daAuts
